%YAML 1.1
%TAG !u! tag:unity3d.com,2011:
--- !u!1001 &100100000
Prefab:
  m_ObjectHideFlags: 1
  serializedVersion: 2
  m_Modification:
    m_TransformParent: {fileID: 0}
    m_Modifications: []
    m_RemovedComponents: []
  m_ParentPrefab: {fileID: 0}
  m_RootGameObject: {fileID: 1294914450916898}
  m_IsPrefabParent: 1
--- !u!1 &1294914450916898
GameObject:
  m_ObjectHideFlags: 0
  m_PrefabParentObject: {fileID: 0}
  m_PrefabInternal: {fileID: 100100000}
  serializedVersion: 5
  m_Component:
  - component: {fileID: 4573721404319812}
  - component: {fileID: 114944160329738798}
  - component: {fileID: 114325183808980022}
  m_Layer: 9
  m_Name: MMD Selection Rings
  m_TagString: Untagged
  m_Icon: {fileID: 0}
  m_NavMeshLayer: 0
  m_StaticEditorFlags: 0
  m_IsActive: 1
--- !u!4 &4573721404319812
Transform:
  m_ObjectHideFlags: 1
  m_PrefabParentObject: {fileID: 0}
  m_PrefabInternal: {fileID: 100100000}
  m_GameObject: {fileID: 1294914450916898}
  m_LocalRotation: {x: -0, y: -0, z: -0, w: 1}
  m_LocalPosition: {x: 0, y: 0, z: 0}
  m_LocalScale: {x: 1, y: 1, z: 1}
  m_Children: []
  m_Father: {fileID: 0}
  m_RootOrder: 0
  m_LocalEulerAnglesHint: {x: 0, y: 0, z: 0}
--- !u!114 &114325183808980022
MonoBehaviour:
  m_ObjectHideFlags: 1
  m_PrefabParentObject: {fileID: 0}
  m_PrefabInternal: {fileID: 100100000}
  m_GameObject: {fileID: 1294914450916898}
  m_Enabled: 1
  m_EditorHideFlags: 0
  m_Script: {fileID: 11500000, guid: 52b30871d4a90ba40af8378ce0e0ac08, type: 3}
  m_Name: 
  m_EditorClassIdentifier: 
  FrameSource:
    link: {fileID: 0}
  SelectionSource:
    link: {fileID: 0}
  StyleSource:
    link: {fileID: 0}
  IgnoreSources: 0
--- !u!114 &114944160329738798
MonoBehaviour:
  m_ObjectHideFlags: 1
  m_PrefabParentObject: {fileID: 0}
  m_PrefabInternal: {fileID: 100100000}
  m_GameObject: {fileID: 1294914450916898}
  m_Enabled: 1
  m_EditorHideFlags: 0
  m_Script: {fileID: 11500000, guid: b26fd36545ab8e64fb92dce5d754fd72, type: 3}
  m_Name: 
  m_EditorClassIdentifier: 
  AutoRefresh: 1
  pointsShader: {fileID: 4800000, guid: 8f8dc2c69136a6343b0114ec24c09e6b, type: 3}
  pointsToBillboardsShader: {fileID: 4800000, guid: 4f68fffb3cc18e24aafdf6c816181e73,
    type: 3}
  quadsShader: {fileID: 4800000, guid: 49cf5983635d3ee4caf57bdd0af81690, type: 3}
  ParticleTexture: {fileID: 2800000, guid: 6a20578c64965af4a8199ed900a3539a, type: 3}
  ForceParticles: 0
  Settings:
    IntParameters: []
    FloatParameters:
    - Name: Scaling
      _value: 1.1
    BoolParameters: []
    ColorParameters: []
    Scaling:
      Name: Scaling
      _value: 1.1
